 Dungeon Crawl Stone Soup version 0.30-b1-5-g8e6c1be481 (console) character file.

Game seed: 8701514423882492937

26569 thromnambular the Fighter (level 13, -10/125 (131) HPs)
             Began as an Ogre Necromancer on May 4, 2023.
             Was a High Priest of Ru.
             Engulfed by a fire crab's flame (24 damage)
             ... on level 3 of the Lair of Beasts.
             The game lasted 01:05:50 (16843 turns).

thromnambular the Fighter (Ogre Necromancer)       Turns: 16843, Time: 01:05:50

HP:   -10/125 (131) AC: 10    Str: 21    XL:     13   Next: 26%
MP:   23/23         EV: 14    Int: 16    God:    Ru [*****.]
Gold: 425           SH:  0    Dex: 13    Spells: 6/26 levels left

rFire   . . .        j - +6 shillelagh "Devastator" {shatter}
rCold   . . .        (no shield)
rNeg    . . .        Q - +3 troll leather armour
rPois   .            (helmet restricted)
rElec   .            f - +1 cloak
rCorr   .            (gloves unavailable)
SInv    .            (boots unavailable)
Will    +....        h - amulet of the acrobat
Stlth   +            y - +6 ring of strength
HPRegen 1.20/turn    D - +4 ring of slaying
MPRegen 0.18/turn

%: acrobat
@: exhausted, studying Poison Magic, lightly drained
A: large, unfitting armour, frail 1, tough skin 1, inability to use devices, no
ice magic, no summoning magic, no transmutations magic, antennae 1, subdued
magic 1
a: Renounce Religion, Draw Out Power, Power Leap, Apocalypse


You were on level 3 of the Lair of Beasts.
You worshipped Ru.
Ru was extremely pleased with you.
You visited 3 branches of the dungeon, and saw 15 of its levels.

You collected 1629 gold pieces.
You spent 1204 gold pieces at shops.

Inventory:

Hand Weapons
 d - a +0 club
 e - a +0 whip
 j - the +6 shillelagh "Devastator" (weapon) {shatter}
   (You bought it in a shop on level 6 of the Dungeon)
 t - a +0 mace
 x - a +0 giant club
Missiles
 l - 3 atropa-tipped darts
 G - 7 large rocks
Armour
 f - a +1 cloak (worn)
 Q - a +3 troll leather armour (worn)
Jewellery
 c - a ring of see invisible
 h - an amulet of the acrobat (around neck)
 n - an amulet of guardian spirit
 u - a ring of protection from fire
 y - a +6 ring of strength (left hand)
 D - a +4 ring of slaying (right hand)
 E - a ring of magical power
 H - a +5 ring of evasion
 K - a ring of protection from cold
 O - an amulet of faith
 P - a ring of flight
 R - a +4 ring of protection
Wands
 N - a wand of flame (18)
Scrolls
 m - 5 scrolls of amnesia
 o - a scroll of brand weapon {unknown}
 p - a scroll of fear
 q - a scroll of torment {unknown}
 v - 2 scrolls of noise
 w - 2 scrolls of immolation {unknown}
 A - 2 scrolls of magic mapping
 F - 2 scrolls of fog {unknown}
 L - 2 scrolls of poison {unknown}
 M - a scroll of enchant weapon {unknown}
Potions
 a - 2 potions of berserk rage
 b - a potion of magic
 g - a potion of invisibility
 i - 4 potions of attraction
 k - a potion of heal wounds
 r - 2 potions of brilliance
 s - 7 potions of curing
 z - 2 potions of resistance
 B - a potion of haste
 C - a potion of mutation
 J - 6 potions of might


   Skills:
 + Level 14.0 Fighting
 + Level 10.9 Maces & Flails
 + Level 11.2 Dodging
 - Level 1.4 Stealth
 - Level 7.0 Spellcasting
 + Level 7.0 Necromancy
 - Level 3.0 Translocations
 - Level 1.0 Air Magic


You had 6 spell levels left.
You knew the following spells:

 Your Spells              Type           Power      Damage    Failure   Level
a - Necrotise             Necr           84%        1d8       1%          1
b - Summon Small Mammal   Summ           16%        N/A       12%         1
c - Vampiric Draining     Necr           21%        2d7       1%          3
d - Animate Dead          Necr           21%        N/A       6%          4
e - Apportation           Tloc           22%        N/A       3%          1
f - Cigotuvi's Dreadful   Necr/Pois/Air  20%        N/A       5%          2
g - Agony                 Necr           21%        N/A       19%         5
h - Volatile Blastmotes   Fire/Tloc      16%        2d11      19%         3

Your spell library contained the following spells:

 Spells                   Type           Power      Damage    Failure   Level
 Sublimation of Blood     Necr           21%        N/A       1%          2
 Scorch                   Fire           8%         2d5       19%         2
 Portal Projectile        Hex/Tloc       16%        N/A       19%         3
 Passage of Golubria      Tloc           11%        N/A       34%         4
 Iskenderun's Mystic Bla  Conj/Tloc      8%         2d4       54%         4
 Flame Wave               Conj/Fire      4%         2d5       77%         4
 Fulminant Prism          Conj/Hex       2%         3d5       77%         4
 Leda's Liquefaction      Hex/Erth       2%         N/A       77%         4
 Silence                  Hex/Air        2%         N/A       96%         5
 Fireball                 Conj/Fire      2%         3d4       98%         5
 Lee's Rapid Deconstruct  Erth           2%         3d4*      98%         5
 Lehudib's Crystal Spear  Conj/Erth      2%         10d2      100%        8
 Call Canine Familiar     Summ           Unusable   N/A       N/A         3
 Ignite Poison            Fire/Tmut/Pois Unusable   N/A       N/A         3
 Petrify                  Tmut/Erth      Unusable   N/A       N/A         4
 Summon Forest            Summ/Tloc      Unusable   N/A       N/A         5
 Freezing Cloud           Conj/Ice/Air   Unusable   6-21      N/A         5
 Alistair's Intoxication  Tmut/Pois      Unusable   N/A       N/A         5
 Irradiate                Conj/Tmut      Unusable   3d12      N/A         5
 Eringya's Noxious Bog    Tmut/Pois      Unusable   N/A       N/A         6
 Statue Form              Tmut/Erth      Unusable   N/A       N/A         6
 Summon Cactus Giant      Summ           Unusable   N/A       N/A         6
 Summon Hydra             Summ           Unusable   N/A       N/A         7

Dungeon Overview and Level Annotations

Branches:
Dungeon (11/15)            Temple (0/1) D:6            Lair (3/5) D:11
 Shoals (0/4) Lair:2        Snake (0/4) Lair:2          Orc (1/2) D:11

Altars:
Ashenzari
Dithmenos
Elyvilon
Fedhas
Gozag
Hepliaklqana
Okawaru
Ru
Sif Muna
Trog
Uskayaw
Vehumet
Wu Jian
Xom

Shops:
D:1 !   D:6 (*   D:8 (::?!   D:10 !

Annotations:
D:6 1 runed translucent door, Mangosteen's ghost, novice GrEE
Orc:1 Urug


Innate Abilities, Weirdness & Mutations

You are too large for most types of armour.
You are frail. (-10% HP)
You have tough skin. (AC +1)
You cannot study or use magical devices.
You cannot study or cast Ice magic.
You cannot study or cast Summoning magic.
You cannot study or cast Transmutations magic.
You have a pair of small antennae on your head.
Your spells are a little easier to cast, but a little less powerful.


Message History

You focus your inner power and illuminate the fire crab in retribution!
The fire crab claws you but does no damage.
As you read the scroll of fear, it crumbles to dust.
You assume a fearsome visage.
The fire crab looks frightened!
You are engulfed in blazing flames.
* * * LOW HITPOINT WARNING * * *
Okay, then.
You are restored by drawing out deep reserves of power within.
You feel drained.
The fire crab stops glowing.
The fire crab begins to attack, but is stunned by your conviction!
The fire crab seems to regain its courage.
The fire crab is stunned by your conviction and fails to attack.
You sock the fire crab!
The fire crab and the fungus shudder.
The fire crab is severely wounded.
The fungus begins to die.
The fungus is lightly damaged.
The fire crab is severely wounded.
The fire crab breathes flames at you. The blast of flame engulfs you.
You hit the fire crab.
The fire crab and the fungus shudder.
The fire crab is almost dead.
The fungus is moderately damaged.
The fire crab is almost dead.
You are engulfed in blazing flames.
* * * LOW HITPOINT WARNING * * *
The fungus is engulfed in blazing flames.
You focus your inner power and blind the fire crab in retribution!
You hit the fire crab but do no damage.
The fire crab is almost dead.
You are engulfed in blazing flames.
* * * LOW HITPOINT WARNING * * *
The sentinel's mark upon you fades away.
The fungus is engulfed in blazing flames.
The fire crab breathes flames at you.
The blast of flame engulfs you but does no damage.
Okay, then.
As you open the door, it creaks loudly!
You are engulfed in blazing flames.
You die...

...##.# .......
......... .......
.......... .......
.......... .......
......P# ...#.##
#.....### ###
...###
##....#°P#P.P# ...#
#####.....'°t°...#
...###..##.....#@#
.......†###..°°°##
...###........°°#
...# ##...#.....#
...########....##
...##.####.....##
................##
.................#.
...................


You could see a fire crab (blind).

Vanquished Creatures
  A hydra (Lair:2)
  2 catoblepae (Lair:3)
  5 death yaks (Lair:2)
  Sonja (Lair:1)
  Lodul (D:10)
  Pikel (D:8)
  A deep elf pyromancer (D:8)
  2 oklob plants (D:11)
  13 elephants
  4 black mambas
  A gargoyle (D:11)
  A rime drake (Lair:2)
  3 komodo dragons
  2 trolls
  A polar bear (Lair:3)
  7 dream sheep (Lair:3)
  26 yaks
  A basilisk (Lair:1)
  2 vampire mosquitoes (D:11)
  A warg (D:11)
  An acid dragon (D:10)
  5 water moccasins
  2 ice beasts (D:7)
  A black bear (D:8)
  6 orc warriors
  5 ogres
  6 centaurs
  3 wolves (Lair:2)
  A phantom (D:5)
  3 kobold brigands
  8 bullfrogs
  A gnoll sergeant (D:9)
  2 scorpions (D:7)
  4 wights (D:8)
  5 killer bees
  An electric eel (Lair:3)
  6 hounds
  4 orc priests
  3 jellies
  2 gnoll boudas
  2 sleepcaps (D:5)
  Jessica (D:2)
  4 iguanas
  15 orc wizards
  15 gnolls
  4 adders
  2 white imps
  2 worms
  4 dart slugs
  24 orcs
  7 ball pythons
  4 endoplasms
  4 giant cockroaches
  8 goblins
  6 hobgoblins
  3 quokkas
  3 bats
  3 frilled lizards
  15 kobolds
  5 rats
276 creatures vanquished.

Vanquished Creatures (collateral kills)
  An ugly thing (D:9)
  2 yaks (D:9)
  A basilisk (D:10)
  A centaur (D:10)
  A sleepcap (D:4)
  An orc wizard (D:9)
  2 gnolls
  2 orcs (D:11)
  3 kobolds
  A rat (D:3)
15 creatures vanquished.

Vanquished Creatures (others)
  A shadow (D:11)
  A lemure (D:8)
  A water moccasin zombie (D:7)
  4 yak zombies
  A sleepcap (D:5)
  An orc wizard (D:3)
  An ogre zombie (D:11)
  A gnoll (D:9)
  An orc (D:5)
  2 gnoll zombies (D:7)
  2 kobold zombies (D:7)
  3 orc zombies (D:10)
  8 fungi
  18 plants
45 creatures vanquished.

Grand Total: 336 creatures vanquished

Notes
Turn   | Place    | Note
-------+----------+-------------------------------------------
     0 | D:1      | thromnambular the Ogre Necromancer began the quest for the
                  | Orb.
     0 | D:1      | Reached XP level 1. HP: 16/16 MP: 3/3
    14 | D:1      | Learned a level 1 spell: Summon Small Mammal
   192 | D:1      | Reached skill level 1 in Fighting
   248 | D:1      | Reached XP level 2. HP: 27/27 MP: 3/5
   547 | D:1      | Reached skill level 2 in Fighting
  1186 | D:1      | Found Laisakhlu's Distillery.
  1205 | D:1      | Reached XP level 3. HP: 35/35 MP: 4/6
  1210 | D:1      | Bought a potion of heal wounds for 55 gold pieces
  1460 | D:2      | Reached skill level 3 in Fighting
  1460 | D:2      | Reached skill level 1 in Maces & Flails
  1564 | D:2      | Reached XP level 4. HP: 44/45 MP: 4/7
  1811 | D:1      | Bought a potion of heal wounds for 55 gold pieces
  2233 | D:2      | Got the Handbook of the Hot Gargoyle
  2247 | D:2      | Found a shadowy altar of Dithmenos.
  2488 | D:2      | Noticed Jessica
  2495 | D:2      | Killed Jessica
  2663 | D:3      | Reached skill level 4 in Fighting
  2724 | D:3      | Found a shimmering altar of Xom.
  2735 | D:3      | Reached XP level 5. HP: 52/54 MP: 2/8
  2764 | D:3      | Learned a level 3 spell: Vampiric Draining
  3672 | D:3      | Reached skill level 5 in Fighting
  3718 | D:3      | Found an opulent altar of Gozag.
  3958 | D:1      | Bought a potion of mutation for 88 gold pieces
  3958 | D:1      | Gained mutation: You have a pair of small horns on your
                  | head. [potion of mutation]
  3958 | D:1      | Lost mutation: You have a pair of small horns on your head.
                  | [potion of mutation]
  3958 | D:1      | Gained mutation: Your body sometimes deteriorates upon
                  | taking damage. [potion of mutation]
  4355 | D:3      | Reached XP level 6. HP: 60/66 MP: 3/9
  4823 | D:4      | Reached skill level 6 in Fighting
  5095 | D:4      | Reached XP level 7. HP: 71/75 MP: 4/10
  5207 | D:4      | Reached skill level 5 in Necromancy
  5587 | D:5      | Entered Level 5 of the Dungeon
  5590 | D:5      | Noticed a troll
  5837 | D:5      | Reached skill level 7 in Fighting
  5866 | D:5      | Learned a level 4 spell: Animate Dead
  6137 | D:5      | Killed a troll
  6138 | D:5      | Reached XP level 8. HP: 34/88 MP: 11/11
  6336 | D:5      | Reached skill level 8 in Fighting
  7250 | D:6      | Found a hide-covered altar of Uskayaw.
  7297 | D:6      | Found a staircase to the Ecumenical Temple.
  7321 | D:6      | Noticed Mangosteen's ghost (novice GrEE)
  7324 | D:6      | Found a runed translucent door.
  7365 | D:6      | Found an ornate altar of the Wu Jian Council.
  7469 | D:6      | Found Meonu's Weapon Boutique.
  7484 | D:6      | Reached skill level 9 in Fighting
  7602 | D:6      | Found Diopuywk's Mayhem Merchandise.
  7650 | D:6      | Reached skill level 5 in Dodging
  7870 | D:6      | Reached XP level 9. HP: 81/98 MP: 12/12
  7917 | D:6      | Found a blossoming altar of Fedhas.
  7970 | D:6      | Found a radiant altar of Vehumet.
  7972 | D:6      | Found a shimmering blue altar of Sif Muna.
  7972 | D:6      | Found a sacrificial altar of Ru.
  7980 | D:6      | Became a worshipper of Ru the Awakened
  8015 | D:6      | Found a broken altar of Ashenzari.
  8191 | D:7      | Found a white marble altar of Elyvilon.
  8702 | D:7      | Reached skill level 5 in Maces & Flails
  8899 | D:3      | Reached skill level 10 in Fighting
  9109 | D:1      | Bought 2 potions of mutation for 176 gold pieces
  9109 | D:1      | Lost mutation: Your body sometimes deteriorates upon taking
                  | damage. [potion of mutation]
  9109 | D:1      | Gained mutation: Your spells are a little easier to cast,
                  | but a little less powerful. [potion of mutation]
  9109 | D:1      | Gained mutation: You have a pair of small antennae on your
                  | head. [potion of mutation]
  9659 | D:7      | Found a bloodstained altar of Trog.
  9898 | D:8      | Learned a level 1 spell: Apportation
 10089 | D:8      | Found Ysyv's Magic Scroll Shoppe.
 10092 | D:8      | Bought a scroll of teleportation for 33 gold pieces
 10092 | D:8      | Bought a scroll of teleportation for 33 gold pieces
 10092 | D:8      | Bought a scroll of butterflies for 44 gold pieces
 10110 | D:8      | Found Juteoc's Antique Weapon Shoppe.
 10151 | D:8      | Reached skill level 1 in Translocations
 10170 | D:8      | Noticed Pikel
 10537 | D:8      | Gained mutation: You are frail. (-10% HP) [Ru sacrifice]
 10537 | D:8      | Reached * piety under Ru
 10682 | D:8      | Found Wolliyry's Book Boutique.
 10880 | D:8      | Found Toshrit's Book Emporium.
 10958 | D:8      | Learned a level 2 spell: Cigotuvi's Dreadful Rot
 11004 | D:8      | Killed Pikel
 11005 | D:8      | Reached XP level 10. HP: 99/99 MP: 13/13
 11042 | D:8      | Found Zennoot's Distillery.
 11287 | D:8      | Noticed a deep elf pyromancer
 11290 | D:8      | Killed a deep elf pyromancer
 11831 | D:9      | Noticed a brown ugly thing
 12128 | D:9      | Reached skill level 5 in Spellcasting
 12338 | D:9      | Killed a brown ugly thing
 12512 | D:9      | Reached XP level 11. HP: 64/107 MP: 19/19
 13000 | D:10     | Entered Level 10 of the Dungeon
 13000 | D:10     | Found Heczan's Distillery.
 13239 | D:10     | Found an iron altar of Okawaru.
 13566 | D:10     | Noticed Lodul
 13645 | D:11     | Found a staircase to the Orcish Mines.
 13695 | Orc:1    | Entered Level 1 of the Orcish Mines
 13700 | Orc:1    | Noticed Urug
 13770 | D:11     | Gained mutation: You cannot study or use magical devices.
                  | [Ru sacrifice]
 13770 | D:11     | Reached ** piety under Ru
 13770 | D:11     | Reached *** piety under Ru
 13880 | D:11     | Noticed a cyclops
 13909 | D:10     | Reached skill level 1 in Air Magic
 13916 | D:10     | Learned a level 5 spell: Agony
 14038 | D:10     | Found a hazy altar of Hepliaklqana.
 14055 | D:10     | Killed Lodul
 14181 | D:6      | Bought the +6 shillelagh "Devastator" {shatter} for 720
                  | gold pieces
 14181 | D:6      | Found the +6 shillelagh "Devastator" {shatter}
 14482 | D:11     | Found a staircase to the Lair.
 14484 | D:11     | Noticed an oklob plant
 14487 | D:11     | Noticed an oklob plant
 14492 | D:11     | Killed an oklob plant
 14493 | D:11     | Reached skill level 11 in Fighting
 14497 | D:11     | Killed an oklob plant
 14501 | Lair:1   | Entered Level 1 of the Lair of Beasts
 14624 | Lair:1   | Noticed Sonja
 14628 | Lair:1   | Killed Sonja
 14674 | Lair:1   | Reached XP level 12. HP: 98/117 MP: 22/22
 14793 | Lair:1   | Reached skill level 12 in Fighting
 15002 | Lair:1   | Reached skill level 10 in Dodging
 15263 | Lair:2   | Noticed a death yak
 15263 | Lair:2   | Noticed a death yak
 15263 | Lair:2   | Noticed a death yak
 15263 | Lair:2   | Noticed a death yak
 15263 | Lair:2   | Noticed a death yak
 15335 | Lair:2   | Reached skill level 10 in Maces & Flails
 15357 | Lair:2   | Killed a death yak
 15370 | Lair:2   | Killed a death yak
 15375 | Lair:2   | Killed a death yak
 15379 | Lair:2   | Reached skill level 13 in Fighting
 15389 | Lair:2   | Killed a death yak
 15392 | Lair:2   | Killed a death yak
 15575 | Lair:2   | Gained mutation: You cannot study or cast Ice magic. [Ru
                  | sacrifice]
 15575 | Lair:2   | Gained mutation: You cannot study or cast Transmutations
                  | magic. [Ru sacrifice]
 15575 | Lair:2   | Gained mutation: You cannot study or cast Summoning magic.
                  | [Ru sacrifice]
 15575 | Lair:2   | Reached **** piety under Ru
 15575 | Lair:2   | Reached ***** piety under Ru
 15693 | Lair:2   | Found a staircase to the Shoals.
 15883 | Lair:2   | Noticed a six-headed hydra
 15890 | Lair:2   | Killed a six-headed hydra
 15891 | Lair:2   | Reached XP level 13. HP: 85/129 MP: 23/23
 15948 | Lair:2   | Learned a level 3 spell: Volatile Blastmotes
 16200 | Lair:2   | Found a staircase to the Snake Pit.
 16824 | Lair:3   | Reached skill level 14 in Fighting
 16843 | Lair:3   | Engulfed by a fire crab's flame

Illustrated notes

Levels and vault maps discovered:
D:1:      minmay_arrival_hallway, layout_basic, serial_shops,
          nicolae_shop_just_a_little_nook, minmay_misc_feat_enclosed
D:2:      layout_basic, basic_altar, kennysheep_jessica_study
D:3:      layout_basic, grunt_gozag_breadcrumbs, lemuel_doored_altar
D:4:      layout_rooms, grunt_ministairs_13
D:5:      layout_loops_ring, amethyst_killhole, minmay_manual_macuahuitl
D:6:      layout_gridville, mainiacjoe_overflow_chevrons, marbit_many_paths,
          chequers_temple_overflow_statue_of_worship,
          mainiacjoe_overflow_catwalk_spiral, minmay_temple_entry_ruins,
          hellmonk_ghost_happy_afterlife, serial_shops, nicolae_diamond_shop,
          kennysheep_nub, minmay_shop_mayhem
D:7:      layout_rooms, nicolae_elyvilon_peaceful_grove, trog_butcher_becter,
          chequers_serial_rivers_small_3, minmay_stone_trees_medium
D:8:      nicolae_hitomezashi [nicolae_hito_row, nicolae_hito_row,
          nicolae_hito_row, nicolae_hito_row, nicolae_hito_row,
          nicolae_hito_row, nicolae_hito_row, nicolae_hito_row,
          nicolae_hito_row, nicolae_hito_row, nicolae_hito_row,
          nicolae_hito_row, nicolae_hito_row, nicolae_hito_row,
          nicolae_hito_row, nicolae_hito_row, nicolae_hito_row,
          nicolae_hito_row], layout_basic, serial_shops,
          nicolae_shop_window_shopping, nicolae_shop_just_a_little_nook,
          nicolae_shop_tiny_waterfront, nicolae_shop_pleasant_corner_grove,
          shop, guppyfry_early_elven_hall, uniq_pikel
D:9:      layout_loops_ring
D:10:     layout_basic, okawaru_ov_weapons_minmay,
          mainiacjoe_overflow_concentric_impassable, serial_shops,
          nicolae_stop_n_shop_1, hellmonk_bongcloud_opening,
          grunt_decor_resistance, uniq_lodul
D:11:     layout_cave_pods, dpeg_oklobed_lair, david_orc_3
Lair:1:   layout_chaotic_city, lemuel_fruit_fields, uniq_sonja
Lair:2:   layout_cave_pods, minmay_shoals_entry_centaurs,
          nicolae_snake_entry_warm_welcome, chequers_serial_rivers_micro_a,
          lemuel_fruit_tree, grunt_megastairs_2
Lair:3:   layout_regular_city, serial_bayou_shore_a
Orc:1:    layout_caves, uniq_urug

Skill      XL: |  1  2  3  4  5  6  7  8  9 10 11 12 13 |
---------------+----------------------------------------+-----
Fighting       | 1 2 3 4 5 6 7 9 10 11 13 14 | 14.0
Dodging        | 2 3 5 6 8 9 10 11 | 11.2
Maces & Flails | 1 2 4 6 7 9 10 | 10.9
Necromancy     | 4 5 6 7 |  7.0
Translocations | 3 |  3.0
Spellcasting   | 5 7 |  7.0
Air Magic      | 1 |  1.0
Stealth        | |  1.4

Action                     |  1- 3 |  4- 6 |  7- 9 | 10-12 | 13-15 || total
---------------------------+-------+-------+-------+-------+-------++-------
  Melee: Unarmed           |     4 |       |       |       |       ||     4
         Whip              |    32 |    33 |       |       |       ||    65
         Club              |     5 |       |       |       |       ||     5
         Mace              |       |    22 |    22 |       |       ||    44
         Punch             |       |       |     1 |     2 |     1 ||     4
         Giant club        |       |       |   149 |   222 |       ||   371
         Shillelagh        |       |       |       |   131 |    59 ||   190
   Cast: Necrotise         |    44 |   131 |    76 |    17 |       ||   268
         Summon Small Mamm |     1 |     1 |     1 |       |       ||     3
         Animate Dead      |       |       |     3 |     7 |       ||    10
         Vampiric Draining |       |       |    14 |    32 |       ||    46
         Volatile Blastmot |       |       |       |       |     1 ||     1
 Invoke: Sacrifice Health  |       |       |     1 |       |       ||     1
         Sacrifice Artific |       |       |       |     1 |       ||     1
         Draw Out Power    |       |       |       |     1 |     2 ||     3
         Sacrifice Arcana  |       |       |       |     1 |       ||     1
  Evoke: Wand              |       |       |    32 |    11 |       ||    43
    Use: Potion            |     1 |     2 |     1 |     5 |     1 ||    10
         Scroll            |       |     4 |     7 |    15 |     2 ||    28
   Stab: Sleeping          |       |     1 |       |       |       ||     1
         Distracted        |       |       |     1 |     1 |       ||     2
         Invisible         |       |       |       |       |     2 ||     2
 Armour: Robe              |    14 |    25 |    58 |    17 |       ||   114
         Troll leather arm |       |       |       |    99 |    17 ||   116
  Dodge: Dodged            |    38 |    94 |   178 |   252 |    28 ||   590
